 Dungeon Crawl Stone Soup version 0.26.1-11-gd32895ea62 (webtiles) character file.

Game seed: 14483256858601254412

147 ubername the Skirmisher (level 5, -2/42 HPs)
             Began as a Demonspawn Abyssal Knight on May 23, 2021.
             Was a Believer of Lugonu.
             Killed from afar by Natasha (5 damage)
             ... with a magic dart
             ... on level 3 of the Dungeon.
             The game lasted 00:04:49 (3296 turns).

ubername the Skirmisher (Demonspawn Abyssal Knight) Turns: 3296, Time: 00:04:49

Health: -2/42      AC:  6    Str: 12    XL:     5   Next: 7%
Magic:  6/6        EV: 10    Int: 14    God:    Lugonu [**....]
Gold:   123        SH:  0    Dex: 13    Spells: 4/4 levels left

rFire    . . .     SeeInvis .   a - +2 falchion
rCold    + . .     Faith    .   (no shield)
rNeg     . . .     Spirit   .   f - +1 ring mail
rPois    +         Reflect  .   (helmet restricted)
rElec    .         Harm     .   (no cloak)
rCorr    .         Rampage  .   (no gloves)
Will     .....                  (no boots)
Stlth    ..........             (no amulet)
HPRegen  0.14/turn              c - ring of poison resistance
MPRegen  0.10/turn              (no ring)

@: no status effects
A: antennae 1, hooves 1, cold resistance 1, poison resistance, powered by pain 1
a: Renounce Religion, Depart the Abyss, Bend Space


You were on level 3 of the Dungeon.
You worshipped Lugonu.
Lugonu was pleased with you.
You visited 1 branch of the dungeon, and saw 3 of its levels.
You visited the Abyss 1 time.

You collected 123 gold pieces.

Inventory:

Hand Weapons
 a - a +2 falchion (weapon)
Missiles
 m - 6 curare-tipped darts (quivered)
Armour
 f - a +1 ring mail (worn)
Jewellery
 c - a ring of poison resistance (left hand)
 k - a cursed amulet of inaccuracy {unknown}
 l - a cursed ring of teleportation {unknown}
 o - an uncursed amulet of the acrobat {unknown}
Scrolls
 d - a scroll of enchant weapon
 h - a scroll of identify
Potions
 g - a potion of curing {unknown}
 i - a potion of might {unknown}
 n - a potion of flight {unknown}


   Skills:
 + Level 4.0 Fighting
 + Level 3.5 Long Blades
 + Level 2.6 Armour
 + Level 1.1 Dodging
 + Level 2.5 Invocations


You had 4 spell levels left.
You didn't know any spells.
Your spell library was empty.

Dungeon Overview and Level Annotations

Branches:
Dungeon (3/15)

Altars:

Annotations:
D:3 Natasha


Innate Abilities, Weirdness & Mutations

You have large cloven feet.
Your flesh is cold resistant. (rC+)
You sometimes gain a little power by taking damage.
You have a pair of small antennae on your head.
Your system is resistant to poisons. (rPois)


Message History

Natasha is severely wounded.
The goblin hits you but does no damage. The white imp hits you.
The white imp freezes you. You resist.
* * * LOW HITPOINT WARNING * * *
Natasha barely misses you.
You barely miss Natasha.
Natasha is severely wounded.
The goblin hits you but does no damage. The white imp hits you.
* * * LOW HITPOINT WARNING * * *
The white imp freezes you. You resist.
* * * LOW HITPOINT WARNING * * *
Natasha claws you.
* * * LOW HITPOINT WARNING * * *
There are monsters nearby!
The goblin hits you but does no damage. The white imp barely misses you.
You riposte.
You hit the white imp.
The white imp is moderately wounded.
Natasha stares at you and mumbles some strange words.
The magic dart hits you.
You die...

#######
##...#...
##.......(
#......... #
#.?.......
#..##.........
#.....g......
#@h......
#5...##.=
#....# ..(..#
#....# ######


You could see Natasha, a white imp (summoned) and a goblin.

Vanquished Creatures
  An orc wizard (D:2)
  4 adders (D:2)
  2 oozes
  2 worms (D:2)
  2 dart slugs
  A leopard gecko (D:1)
  5 orcs (D:2)
  3 giant cockroaches
  4 goblins
  7 hobgoblins
  2 jackals (D:2)
  A quokka (D:2)
  7 bats
  7 frilled lizards
  7 kobolds
  7 rats
62 creatures vanquished.

Notes
Turn   | Place    | Note
-------+----------+-------------------------------------------
     0 | Abyss:1  | ubername the Demonspawn Abyssal Knight began the quest for
                  | the Orb.
     0 | Abyss:1  | Reached XP level 1. HP: 18/18 MP: 2/2
    44 | Abyss:1  | Noticed a small abomination
    45 | Abyss:1  | Noticed a thrashing horror
    46 | Abyss:1  | Noticed a chaos spawn
    48 | Abyss:1  | Noticed a neqoxec
    49 | D:1      | Escaped the Abyss
   446 | D:1      | Gained mutation: You sometimes gain a little power by
                  | taking damage. [demonic ancestry]
   446 | D:1      | Reached XP level 2. HP: 23/24 MP: 3/3
   473 | D:1      | Reached * piety under Lugonu
  1132 | D:1      | Gained mutation: Your flesh is cold resistant. (rC+)
                  | [demonic ancestry]
  1132 | D:1      | Reached XP level 3. HP: 25/30 MP: 4/4
  1827 | D:1      | Gained mutation: Your system is resistant to poisons.
                  | (rPois) [potion of mutation]
  1827 | D:1      | Gained mutation: You have a pair of small antennae on your
                  | head. [potion of mutation]
  1857 | D:2      | Reached skill level 1 in Dodging
  2523 | D:2      | Gained mutation: You have large cloven feet. [demonic
                  | ancestry]
  2523 | D:2      | Reached XP level 4. HP: 37/37 MP: 5/5
  2529 | D:2      | Reached ** piety under Lugonu
  2669 | D:2      | Reached skill level 4 in Fighting
  2915 | D:2      | Reached XP level 5. HP: 37/42 MP: 6/6
  3270 | D:3      | Noticed Natasha
  3296 | D:3      | Killed from afar by Natasha

Illustrated notes

Levels and vault maps discovered:
D:1:      lightli_arrival_quake, layout_basic, due_unseen_surprise
D:2:      layout_rooms, palyth_stone_intersect
D:3:      layout_rooms, uniq_natasha, uniq_grinder

Skill      XL: |  1  2  3  4 |
---------------+-------------+-----
Long Blades    | 2 3 |  3.5
Armour         | 2 |  2.6
Dodging        | 1 |  1.1
Fighting       | 4 |  4.0
Invocations    | |  2.5

Action                   |  1- 3 |  4- 6 || total
-------------------------+-------+-------++-------
Melee: Falchion          |   106 |    57 ||   163
       Kick              |       |    14 ||    14
Throw: Dart              |       |     2 ||     2
Invok: Depart the Abyss  |     1 |       ||     1
  Use: Scroll            |     5 |     2 ||     7
       Potion            |     3 |       ||     3
Armor: Leather armour    |    34 |       ||    34
       Ring mail         |       |    28 ||    28
Dodge: Dodged            |   106 |    29 ||   135
       Rpst.: Falchion   |    35 |    10 ||    45
